Map: [ESL] NeoHumanity

Players

PiG - Winner!

  • Race: Zerg Zerg
  • League: Master
  • Spawn Location: 5:00

Bulya

  • Race: Terran Terran
  • League: Platinum
  • Spawn Location: 11:00

VOD

https://www.youtube.com/watch?v=XlCGB3D8uqA&t=7403s

Description

Time

  • Played on: April 18, 2023, 9:23 p.m.
  • Length: 10:14
Show
View Real Time Build Order
Export as new Build Order

PiG Zerg - Winner!

Build Orders: Hatch First 

Get SALT Encoding   

  12  0:01  Drone  
  13  0:13  Overlord  
  13  0:19  Drone  
  14  0:31  Drone x2  
  16  0:38  Drone  
  17  0:53  Hatchery  
  17  0:56  Drone  
  17  0:59  Drone  
  18  1:12  Extractor  
  18  1:15  Spawning Pool  
  18  1:18  Drone  
  17  1:21  Drone  
  18  1:30  Drone  
  19  1:45  Overlord  
  19  1:55  Drone  
  20  2:04  Queen  
  20  2:05  Queen  
  20  2:06  Zergling x4  
  26  2:14  Drone  
  27  2:17  Metabolic Boost  
  27  2:23  Drone x2  
  29  2:33  Drone x2  
  31  2:41  Drone  
  32  2:46  Hatchery  
  32  2:50  Queen  
  33  2:56  Overlord  
  33  3:00  Drone x3  
  36  3:17  Drone x7  
  36  3:18  Overlord  
  43  3:24  Overlord  
  43  3:36  Overlord  
  43  3:37  Overlord  
  43  3:46  Zergling x12  
  49  3:58  Drone x3  
  49  3:59  Drone  
  49  4:01  Extractor  
  49  4:02  Baneling Nest  
  51  4:04  Queen x2  
  55  4:15  Drone x3  
  55  4:16  Drone  
  59  4:34  Spine Crawler  
  58  4:40  Queen x3  
  64  4:49  Zergling x20  
  74  4:59  Overlord x2  
  74  5:00  Overlord x2  
  67  5:15  Queen  
  67  5:17  Zergling x14  
  63  5:40  Lair, Evolution Chamber  
  63  5:41  Evolution Chamber  
  61  5:43  Hatchery  
  61  5:49  Hatchery, Drone x6  
  65  5:58  Drone  
  65  5:59  Drone x2  
  68  6:09  Roach Warren  
  68  6:10  Zerg Melee Weapons Level 1  
  68  6:11  Zerg Missile Weapons Level 1  
  67  6:20  Drone x8  
  67  6:21  Drone  
  67  6:24  Overlord  
  76  6:27  Drone x2  
  76  6:28  Extractor x2  
  76  6:40  Centrifugal Hooks  
  76  6:45  Drone x3  
  76  6:46  Drone x3  
  82  6:50  Extractor  
  82  6:51  Drone x3  
  82  6:52  Extractor, Drone x3  
  82  6:54  Drone  
  87  6:56  Drone x2  
  89  7:14  Overlord  
  89  7:18  Zergling x30  
  104  7:31  Hatchery x2  
  102  7:43  Roach x10  
  122  7:46  Overlord  
  122  7:47  Overlord  
  122  7:49  Overlord  
  122  7:51  Overlord  
  122  7:54  Overlord  
  122  7:55  Glial Reconstitution  
  122  8:09  Ravager x10  
  132  8:14  Baneling  
  132  8:15  Baneling x9  
  132  8:17  Zergling x18  
  135  8:50  Roach x4  
  135  8:51  Roach x15  
Show
View Real Time Build Order
Export as new Build Order

Bulya Terran 

Build Orders: Mech 

Get SALT Encoding   

  12  0:00  SCV  
  13  0:12  SCV  
  14  0:17  Supply Depot  
  14  0:25  SCV  
  15  0:39  SCV  
  15  0:40  Barracks  
  16  0:46  Refinery  
  16  0:51  SCV  
  17  1:03  SCV  
  18  1:15  SCV  
  19  1:27  Orbital Command  
  19  1:28  Marine  
  20  1:39  Command Center  
  20  1:51  Factory  
  20  1:55  SCV  
  21  2:05  Supply Depot  
  21  2:08  SCV  
  21  2:10  Barracks Reactor  
  21  2:14  Refinery  
  22  2:20  SCV  
  23  2:32  SCV  
  24  2:45  Starport  
  24  2:53  Orbital Command  
  24  2:54  SCV  
  24  2:56  Hellion x2  
  29  3:02  Marine  
  30  3:15  SCV  
  30  3:19  SCV  
  32  3:21  Hellion x2  
  32  3:23  Medivac  
  38  3:27  SCV  
  38  3:28  Armory  
  38  3:33  SCV  
  40  3:38  Marine  
  40  3:40  Supply Depot, SCV  
  42  3:42  Hellion  
  44  3:50  SCV  
  45  4:05  SCV x2  
  47  4:14  Supply Depot  
  48  4:17  SCV x2  
  48  4:18  Hellion x2  
  53  4:29  SCV  
  54  4:36  SCV  
  55  4:39  Supply Depot  
  55  4:41  SCV  
  55  4:43  Command Center  
  56  4:48  Supply Depot, SCV  
  56  4:51  Barracks Tech Lab, Starport Tech Lab  
  55  4:52  Factory  
  55  4:53  Factory, SCV  
  55  4:59  Hellion x2  
  56  5:11  SCV, Orbital Command  
  51  5:21  Marine  
  42  5:28  Hellion x2  
  43  5:40  Supply Depot  
  44  5:49  Hellion x2  
  48  5:54  Starport Reactor  
  47  6:02  SCV x2  
  49  6:07  Supply Depot  
  49  6:09  Command Center  
  49  6:15  Thor  
  55  6:31  SCV x2  
  57  6:42  Hellion x2  
  57  6:47  SCV x2  
  63  6:52  Thor  
  69  7:03  Supply Depot  
  69  7:04  Supply Depot, SCV  
  70  7:16  Refinery x2  
  70  7:20  Siege Tank, SCV, Medivac x2  
  70  7:21  Hellion x2  
  82  7:24  Orbital Command  
  82  7:30  Supply Depot  
  82  7:36  Hellion  
  84  7:42  Hellion, SCV x2  
  88  7:46  Orbital Command  
  88  7:57  SCV x2  
  90  8:02  Siege Tank x2  
  96  8:09  SCV x2  
  98  8:23  SCV x3  
  98  8:26  Liberator x2  
  107  8:28  Hellion  
  107  8:30  Supply Depot  
  109  8:38  Hellion  
  87  8:46  Siege Tank x2  
  89  8:54  SCV x2  
  90  9:02  Hellion x2  
  94  9:07  Factory  
  94  9:09  Factory  
Tags
 
Composition
Mech
Matchup
TvZ
Player
PiG
Spawn Locations
Cross Positions
Add a new tag
Caveats
  • Supply blocks, unpowered buildings, or Contaminate may cause inaccurate times.
  • Supply counts are checked every 10 seconds.